 Dungeon Crawl Stone Soup version 0.29.1-2-gbd0b4ee654 (webtiles) character file.

Game seed: 18440662792585283413

67 GorkyZ the Shield-Bearer (level 4, -3/37 HPs)
             Began as a Formicid Fighter on Nov 21, 2022.
             Slain by a gnoll
             ... wielding a +0 club
              (5 damage)
             ... on level 2 of the Dungeon.
             The game lasted 00:03:56 (1082 turns).

GorkyZ the Shield-Bearer (Formicid Fighter)         Turns: 1082, Time: 00:03:56

Health: -3/37      AC:  7    Str: 22    XL:     4   Next: 38%
Magic:  4/4        EV:  9    Int:  8    God:
Gold:   68         SH:  5    Dex: 13    Spells: 3/3 levels left

rFire   . . .      SeeInvis +   a - +0 trident
rCold   . . .      Faith    .   c - +0 buckler
rNeg    . . .      Spirit   .   b - +0 scale mail
rPois   .          Reflect  .   (helmet unavailable)
rElec   .          Harm     .   (no cloak)
rCorr   .          Rampage  .   (no gloves)
Will    .....                   (no boots)
Stlth   ..........              (no amulet)
HPRegen 0.12/turn               (no ring)
MPRegen 0.09/turn               (no ring)

@: no status effects
A: permanent stasis, dig shafts and tunnels, antennae 3, four strong arms
a: Dig, Shaft Self


You were on level 2 of the Dungeon.
You visited 1 branch of the dungeon, and saw 2 of its levels.

You collected 68 gold pieces.

Inventory:

Hand Weapons
 a - a +0 trident (weapon)
Armour
 b - a +0 scale mail (worn)
 c - a +0 buckler (worn)
Jewellery
 j - a ring of fire
Scrolls
 g - 3 scrolls of identify {unknown}
 i - 3 scrolls of teleportation {unknown}
 k - a scroll of summoning {unknown}
 l - a scroll of poison {unknown}
 n - a scroll of immolation {unknown}
Potions
 d - a potion of might
 f - a potion of invisibility {unknown}
 h - a potion of degeneration {unknown}
 m - 2 potions of curing {unknown}
 o - a potion of haste {unknown}


   Skills:
 + Level 3.7 Fighting
 + Level 2.4 Polearms
 + Level 1.0 Throwing
 + Level 3.7 Armour
 + Level 0.8 Dodging
 + Level 4.4 Shields
 + Level 1.1 Evocations


You had 3 spell levels left.
You didn't know any spells.
Your spell library contained the following spells:

 Spells                   Type           Power      Damage    Failure   Level
 Magic Dart               Conj           0%         1d3       80%         1
 Call Imp                 Summ           0%         N/A       90%         2
 Mephitic Cloud           Conj/Pois/Air  0%         N/A       99%         3
 Passage of Golubria      Tloc           0%         N/A       100%        4
 Silence                  Hex/Air        0%         N/A       100%        5
 Lehudib's Crystal Spear  Conj/Erth      0%         10d2      100%        8


Dungeon Overview and Level Annotations

Branches:
Dungeon (2/15)

Altars:


Innate Abilities, Weirdness & Mutations

You cannot be hasted, slowed, berserked, paralysed or teleported.
You can dig through walls and to a lower floor.
You have a pair of large antennae on your head. (SInv)
Your four strong arms can wield two-handed weapons with a shield.


Message History

You are too injured to fight recklessly!
You are too injured to fight recklessly!
You are too injured to fight recklessly!
You are too injured to fight recklessly!
You hit the gnoll.
You kill the gnoll!
You have reached level 4!
You feel clever.
You closely miss the gnoll.
The gnoll is heavily wounded.
The gnoll hits you but does no damage.
You hit the gnoll.
The gnoll is severely wounded.
The gnoll hits you with a +0 club!
* * * LOW HITPOINT WARNING * * *
You puncture the gnoll!
You kill the gnoll!
Your Throwing skill increases to level 1!
You closely miss the gnoll. The gnoll hits you but does no damage.
The gnoll hits you with a +0 club.
* * * LOW HITPOINT WARNING * * *
You hit the gnoll but do no damage. The gnoll hits you but does no damage.
You barely miss the gnoll. The gnoll misses you.
You barely miss the gnoll. You block the gnoll's attack.
You hit the gnoll.
The gnoll is moderately wounded.
The gnoll hits you with a +0 club.
* * * LOW HITPOINT WARNING * * *
The gnoll barely misses you.
You hit the gnoll.
The gnoll is moderately wounded.
The gnoll hits you but does no damage.
You hit the gnoll but do no damage.
The gnoll is moderately wounded.
The gnoll hits you with a +0 club.
* * * LOW HITPOINT WARNING * * *
You barely miss the gnoll.
The gnoll is moderately wounded.
The gnoll hits you with a +0 club.
You die...

≈≈≈ ### ♣~≈≈≈≈≈≈≈≈~ #[#
♣~≈≈≈≈≈≈≈~~ #@#
♣~~≈~≈≈≈≈≈~
###g######~PP~P~~~P~
#.........~P~~P~~~P~
#.#.......~PP~P~~~P~
...........~~~~~~P~~~
>.#.#.####..PP~PPP.PPP
#............gP~.~...~..
##..#.......(.g.........
#........#.............


You could see a gnoll.

Vanquished Creatures
  An adder (D:2)
  3 gnolls (D:2)
  A ball python (D:1)
  4 endoplasms
  2 giant cockroaches (D:1)
  2 goblins
  5 hobgoblins (D:1)
  A quokka (D:2)
  3 bats (D:1)
  2 frilled lizards
  2 kobolds
  3 rats (D:1)
29 creatures vanquished.

Vanquished Creatures (others)
  6 plants (D:2)
6 creatures vanquished.

Grand Total: 35 creatures vanquished

Notes
Turn   | Place    | Note
-------+----------+-------------------------------------------
     0 | D:1      | GorkyZ the Formicid Fighter began the quest for the Orb.
     0 | D:1      | Reached XP level 1. HP: 18/18 MP: 1/1
   189 | D:1      | Found a faded altar of an unknown god.
   194 | D:1      | Reached XP level 2. HP: 24/24 MP: 2/2
   539 | D:1      | Reached XP level 3. HP: 29/29 MP: 3/3
  1071 | D:2      | Reached skill level 1 in Evocations
  1072 | D:2      | Reached XP level 4. HP: 17/36 MP: 4/4
  1075 | D:2      | Reached skill level 1 in Throwing
  1082 | D:2      | Slain by a gnoll

Illustrated notes

Levels and vault maps discovered:
D:1:      dpeg_arrival_round_c, layout_basic, serial_forest,
          infiniplex_forest_diagonal, infiniplex_forest_lined_room_2,
          infiniplex_forest_straight_3, infiniplex_forest_lined_4_way,
          infiniplex_forest_straight_4, infiniplex_forest_end_1,
          infiniplex_forest_lined_ring, hellmonk_ecumenical_altar_zigzags,
          minmay_tromino_mix6
D:2:      layout_basic, serial_bayou, serial_bayou_shore_b, serial_bayou_pond_b,
          serial_bayou_shore_b, serial_bayou_shore_a, serial_bayou_lake_a,
          amcnicky_mini_pool_small

Skill      XL: |  1  2  3  4 |
---------------+-------------+-----
Evocations     | 1 |  1.1
Throwing       | 1 |  1.0
Fighting       | |  3.7
Polearms       | |  2.4
Armour         | |  3.7
Dodging        | |  0.8
Shields        | |  4.4

Action                   |  1- 3 |  4- 6 || total
-------------------------+-------+-------++-------
Melee: Trident           |    82 |    11 ||    93
Throw: Dart              |     4 |       ||     4
 Abil: Dig               |     1 |       ||     1
Armor: Scale mail        |    23 |     4 ||    27
Dodge: Dodged            |    18 |     2 ||    20
Block: Buckler           |     8 |     1 ||     9
